 Dungeon Crawl Stone Soup version 0.28.0-53-g5a82cb258f (webtiles) character file.

Game seed: 3622799929694951535

105187 Doot the Earth Mage (level 16, -6/93 HPs)
             Began as an Octopode Earth Elementalist on June 4, 2022.
             Was an Initiate of Gozag.
             Killed from afar by a starcursed mass (10 damage)
             ... with an accursed screaming
             ... on level 3 of the Abyss on June 7, 2022.
             The game lasted 01:49:37 (40614 turns).

Doot the Earth Mage (Octopode Earth Elementalist)  Turns: 40614, Time: 01:49:38

Health: -6/93      AC:  1    Str: 11      XL:     16   Next: 40%
Magic:  12/43      EV: 14    Int: 27 (30) God:    Gozag
Gold:   7297       SH:  0    Dex: 15      Spells: 13/44 levels left

rFire   + + .      SeeInvis +   a - +4 dagger (venom)
rCold   + + .      Faith    .   g - orb {guile}
rNeg    + + .      Spirit   .   (helmet restricted)
rPois   +          Reflect  .   P - amulet of magic regeneration
rElec   +          Harm     .   f - ring of Zeucliang {Fire Drain rElec rN++ Str+5}
rCorr   .          Rampage  .   H - ring of magical power
Will    .....                   x - ring of poison resistance
Stlth   +++++++...              I - +6 ring of dexterity
HPRegen 0.25/turn               K - ring of see invisible
MPRegen 0.68/turn               c - +6 ring of intelligence
                                M - ring of protection from cold
                                d - ring "Yciryeg" {Fly rF+ rC++ Str-3 Dex-3}

@: about to teleport, flying, studying 2 skills
A: almost no armour, amphibious, 8 rings, camouflage 1, gelatinous body 1,
(nimble swimmer 1), tentacles, [subdued magic 2]
a: Renounce Religion, Potion Petition, Call Merchant, Bribe Branch


You were on level 3 of the Abyss.
You worshipped Gozag.
Gozag was greatly pleased with you.
You visited 5 branches of the dungeon, and saw 24 of its levels.
You visited the Abyss 1 time.
You also visited: Trove, Ossuary and Gauntlet.

You collected 7554 gold pieces.
You spent 84 gold pieces at shops.
You paid 173 gold pieces to Gozag.

Inventory:

Hand Weapons
 a - a +4 dagger of venom (weapon)
Missiles
 D - 506 stones
Armour
 g - an orb of guile (worn)
 N - the -2 hat of the Alchemist {rElec rPois rF+ rC+ rN+ Will+ rMut rCorr}
   (You found it on level 1 of the Elven Halls)

   rF:        It protects you from fire.
   rC:        It protects you from cold.
   rElec:     It insulates you from electricity.
   rPois:     It protects you from poison.
   rN:        It protects you from negative energy.
   rCorr:     It protects you from acid and corrosion.
   rMut:      It protects you from mutation.
   Will:      It increases your willpower.
Magical Staves
 b - a staff of earth
 G - a staff of conjuration
Jewellery
 c - a +6 ring of intelligence (on tentacle)
 d - the ring "Yciryeg" (on tentacle) {Fly rF+ rC++ Str-3 Dex-3}
   (You found it in a treasure trove)

   [ring of flight]

   Str:       It affects your strength (-3).
   Dex:       It affects your dexterity (-3).
   rF:        It protects you from fire.
   rC:        It greatly protects you from cold.
   Fly:       It grants you flight.
 f - the ring of Zeucliang (left tentacle) {Fire Drain rElec rN++ Str+5}
   (You found it in a treasure trove)

   [ring of fire]

   It enhances your fire magic.
   Str:       It affects your strength (+5).
   rF:        It protects you from fire.
   rC:        It makes you vulnerable to cold.
   rElec:     It insulates you from electricity.
   rN:        It greatly protects you from negative energy.
   Drain:     It drains your maximum health when unequipped.
 l - an amulet of magic regeneration
 n - a ring of wizardry
 v - an amulet of reflection
 x - a ring of poison resistance (on tentacle)
 H - a ring of magical power (right tentacle)
 I - a +6 ring of dexterity (on tentacle)
 K - a ring of see invisible (on tentacle)
 M - a ring of protection from cold (on tentacle)
 P - an amulet of magic regeneration (around mantle)
Wands
 e - a wand of charming (3)
 J - a wand of mindburst (12)
 L - a wand of acid (18)
 S - a wand of iceblast (18)
 U - a wand of digging (7)
Scrolls
 i - 3 scrolls of amnesia {unknown}
 j - a scroll of fear {unknown}
 m - 6 scrolls of immolation
 o - a scroll of vulnerability {unknown}
 p - 4 scrolls of enchant weapon
 q - 5 scrolls of fog
 r - 14 scrolls of teleportation
 u - 3 scrolls of brand weapon
 y - 4 scrolls of blinking
 B - 4 scrolls of holy word
 C - a scroll of magic mapping {unknown}
 R - 2 scrolls of enchant armour
 T - a scroll of torment {unknown}
 Y - a scroll of silence {unknown}
Potions
 h - 4 potions of magic
 k - a potion of attraction
 s - a potion of resistance {unknown}
 t - 4 potions of curing
 w - 3 potions of ambrosia
 z - 2 potions of heal wounds
 A - a potion of berserk rage {unknown}
 E - 2 potions of invisibility
 F - 10 potions of haste
 Q - 5 potions of lignification
 V - 2 potions of cancellation {unknown}
 X - 4 potions of mutation
 Z - a potion of flight {unknown}
Miscellaneous
 O - a piece from Xom's chessboard (15/15)
 W - a lightning rod (4/4)


   Skills:
 + Level 3.1 Fighting
 + Level 4.1 Short Blades
 + Level 0.1(0.2) Polearms
 + Level 0.2 Staves
 + Level 4.2 Dodging
 + Level 14.4 Stealth
 * Level 12.1 Shields
 + Level 14.5 Spellcasting
 * Level 6.2 Conjurations
 + Level 0.1 Necromancy
 + Level 6.5 Transmutations
 + Level 15.0 Earth Magic
 + Level 6.0 Evocations


You had 13 spell levels left.
You knew the following spells:

 Your Spells              Type           Power      Damage    Failure   Level
a - Sandblast             Erth           100%       2d20      0%          1
b - Passwall              Tmut/Erth      40%        N/A       0%          2
c - Stone Arrow           Conj/Erth      96%        3d13      1%          3
d - Petrify               Tmut/Erth      48%        N/A       1%          4
e - Lee's Rapid Deconstr  Erth           29%        3d16*     1%          5
f - Irradiate             Conj/Tmut      16%        3d19      3%          5
g - Borgnjor's Vile Clut  Necr/Erth      18%        N/A       1%          5
h - Iron Shot             Conj/Erth      24%        9d5       3%          6

Your spell library contained the following spells:

 Spells                   Type           Power      Damage    Failure   Level
 Animate Skeleton         Necr           24%        N/A       1%          1
 Apportation              Tloc           24%        N/A       1%          1
 Beastly Appendage        Tmut           68%        N/A       1%          1
 Sting                    Tmut/Pois      92%        1d7       1%          1
 Summon Small Mammal      Summ           48%        N/A       1%          1
 Sublimation of Blood     Necr           12%        N/A       1%          2
 Wereblood                Tmut           34%        N/A       1%          2
 Dazzling Flash           Conj/Hex       44%        N/A       1%          3
 Spider Form              Tmut/Pois      23%        N/A       1%          3
 Leda's Liquefaction      Hex/Erth       18%        N/A       1%          4
 Ensorcelled Hibernation  Hex/Ice        24%        N/A       2%          2
 Poisonous Vapours        Pois/Air       24%        N/A       2%          2
 Scorch                   Fire           36%        2d6       2%          2
 Blade Hands              Tmut           17%        N/A       2%          5
 Iskenderun's Battlesphe  Conj           33%        2d9       3%          5
 Flame Wave               Conj/Fire      34%        2d8       4%          4
 Fulminant Prism          Conj/Hex       11%        3d9       4%          4
 Iskenderun's Mystic Bla  Conj/Tloc      22%        2d6       4%          4
 Call Canine Familiar     Summ           12%        N/A       5%          3
 Gell's Gravitas          Tloc           12%        N/A       5%          3
 Inner Flame              Hex/Fire       18%        N/A       5%          3
 Portal Projectile        Hex/Tloc       24%        N/A       5%          3
 Teleport Other           Tloc           12%        N/A       5%          3
 Yara's Violent Unravell  Hex/Tmut       11%        3d6       13%         5
 Olgreb's Toxic Radiance  Pois           12%        N/A       19%         4
 Summon Mana Viper        Hex/Summ       12%        N/A       50%         5
 Starburst                Conj/Fire      17%        6d6       67%         6
 Lehudib's Crystal Spear  Conj/Erth      24%        10d7      88%         8
 Dispersal                Tloc           6%         N/A       98%         6
 Summon Cactus Giant      Summ           6%         N/A       98%         6
 Spellforged Servitor     Conj/Summ      11%        N/A       99%         7
 Monstrous Menagerie      Summ           6%         N/A       100%        7
 Summon Hydra             Summ           6%         N/A       100%        7
 Animate Armour           Summ/Erth      Unusable   N/A       N/A         4

Dungeon Overview and Level Annotations

Branches:
Dungeon (14/15)            Temple (1/1) D:7            Lair (6/6) D:11
  Swamp (0/4) Lair:2       Spider (0/4) Lair:4        Slime (0/5) Lair:6
    Orc (2/2) D:11            Elf (1/3) Orc:2        Vaults (0/5) D:14
Ossuary (visited)         Gauntlet (visited)

Altars:
Ashenzari
Cheibriados
Fedhas
Gozag
Hepliaklqana
Kikubaaqudgha
Nemelex Xobeh
Okawaru
Qazlal
Ru
Wu Jian
Xom
Yredelemnul
Zin
Beogh
Jiyva

Shops:
D:6 *   Orc:2 [[([

Annotations:
Lair:2 1 runed translucent door
Lair:6 1 runed translucent door, Ornithology's ghost, journeyman TeAE
Elf:1 3 runed translucent doors, Peloso's ghost, journeyman MiFi


Innate Abilities, Weirdness & Mutations

You cannot wear most types of armour.
You are amphibious.
You can wear up to eight rings at the same time.
Your skin changes colour to match your surroundings (Stealth+).
Your rubbery body absorbs attacks. (AC +1, EV +1)
((You are camouflaged when in or above water. (Stealth+)))
You have tentacles for arms and can constrict up to eight enemies at once.
[Your spells are easier to cast, but less powerful.]


Message History

A chorus of shrieks assaults your mind.
A starcursed mass splits.
A large abomination comes into view.
Unknown command.
A sun demon comes into view.
A starcursed mass splits. x2
Unknown command.
A starcursed mass splits.
A deafening chorus of shrieks assaults your mind!
You suddenly lose the ability to move!
You can move again.
Unknown command.
A starcursed mass splits.
Unknown command.
A cacophony of accursed wailing tears at your sanity!
* * * LOW HITPOINT WARNING * * *
You suddenly lose the ability to move!
A starcursed mass splits.
A cacophony of accursed wailing tears at your sanity!
* * * LOW HITPOINT WARNING * * *
You shrug off the repeated paralysis!
You can move again.
A starcursed mass splits.
You feel much better.
A starcursed mass splits.
The sun demon hits you.
* * * LOW HITPOINT WARNING * * *
You are engulfed in flames.
You resist.
* * * LOW HITPOINT WARNING * * *
Unknown command.
You feel much better. The sun demon barely misses you.
A cacophony of accursed wailing tears at your sanity!
* * * LOW HITPOINT WARNING * * *
Unknown command.
You feel much better. The starcursed mass touches you. The sun demon hits you!!
* * * LOW HITPOINT WARNING * * *
You are engulfed in flames.
You resist.
* * * LOW HITPOINT WARNING * * *
The starcursed mass misses you.
A cacophony of accursed wailing tears at your sanity!
You die...
Your body crumbles into a pile of gold.

.. #. # ###. .#
.#. ##. #..##...
.. #.#.#. ...# ##
###.###.#. # ...
#..X@..#...
###...###3X.# .##
#... ###XX...#..#
. ..
#..XXX......#..
.................
.
.....XX.........#
.
#≈##≈.X.........≈
♣ #≈≈≈≈≈..≈≈##≈≈
♣ ...§≈≈≈≈#≈≈≈.≈
..


You could see 10 starcursed masses and a sun demon.

Vanquished Creatures
  A tentacled starspawn (Abyss:3)
  A deep elf sorcerer (Elf:1)
  2 orc warlords (Orc:2)
  Snorg (Orc:2)
  A great orb of eyes (Abyss:3)
  A rakshasa (D:14)
  14 hydras
  3 boulder beetles
  3 vault guards (D:14)
  2 catoblepae
  An ogre mage (D:14)
  8 two-headed ogres
  A death knight (D:14)
  5 centaur warriors
  5 orc high priests (Orc:2)
  3 death yaks (Lair:4)
  2 deep elf knights (Elf:1)
  A spriggan (Lair:5)
  3 wretched stars
  A goliath frog (Lair:6)
  3 bog bodies (Lair:2)
  A lindwurm (Lair:2)
  Pikel (D:5)
  4 orc knights
  5 deep elf pyromancers
  3 orc sorcerers (Orc:2)
  3 manticores
  2 deep elf zephyrmancers (Elf:1)
  5 cyclopes
  A worldbinder (Abyss:3)
  19 elephants
  A guardian serpent (Abyss:3)
  An elephant (shapeshifter) (Elf:1)
  2 black mambas (Lair:2)
  An ice statue (D:11)
  A naga mage (Abyss:3)
  A smoke demon (Abyss:2)
  25 cane toads
  3 torpor snails
  13 komodo dragons
  2 efreet
  A gargoyle (D:13)
  7 rime drakes
  A tormentor (Abyss:3)
  An ancient zyme (Abyss:3)
  2 ice devils (D:11)
  2 polar bears
  4 trolls
  A hornet (Lair:5)
  A wolf spider simulacrum (D:13)
  A meliai (Lair:4)
  6 slime creatures (D:13)
  26 blink frogs
  3 tyrant leeches (Lair:6)
  7 dream sheep
  An air elemental (Elf:1)
  A shadow (D:10)
  A spriggan (shapeshifter) (D:14)
  A culicivora (shapeshifter) (D:14)
  4 wyverns
  A golden eye (shapeshifter) (D:14)
  2 ynoxinuls
  2 vampires
  2 water elementals (Elf:1)
  2 wraiths (D:11)
  44 yaks
  6 basilisks
  A fire elemental (Elf:1)
  A steam dragon (D:7)
  11 vampire mosquitoes
  A neqoxec (Abyss:3)
  A redback simulacrum (D:9)
  4 wargs
  2 acid dragons
  A swamp worm (Lair:3)
  3 nagas (Abyss:3)
  19 water moccasins
  A hell hound (Abyss:2)
  A sky beast (D:7)
  47 orc warriors
  An ice beast (D:7)
  2 black bears
  A hornet zombie (D:7)
  8 ogres
  32 wolves
  7 centaurs
  2 small abominations
  20 bullfrogs
  An earth elemental (Elf:1)
  2 gnoll sergeants
  7 scorpions
  8 wights
  11 killer bees
  2 electric eels
  6 howler monkeys
  A bullfrog zombie (D:5)
  5 centaur zombies
  3 hounds
  A quasit (Abyss:2)
  8 jellies
  37 orc priests
  A bullfrog skeleton (D:6)
  2 iguanas
  22 orc wizards
  3 scorpion zombies (Ossuary)
  A killer bee zombie (D:7)
  A hound skeleton (D:5)
  3 mummies (Ossuary)
  13 gnolls
  11 adders
  2 shadow imps
  2 white imps
  An ufetubus (Abyss:3)
  A worm (D:3)
  102 orcs
  3 ball pythons
  8 endoplasms
  4 gnoll zombies (Ossuary)
  5 hobgoblins
  4 quokkas
  5 bats
  3 frilled lizards
  7 goblins
  3 goblin zombies (Ossuary)
  3 hobgoblin zombies (Ossuary)
  3 kobolds
  2 kobold zombies (Ossuary)
  2 orc zombies (Ossuary)
  3 rats
764 creatures vanquished.

Vanquished Creatures (others)
  3 dancing weapons (Elf:1)
  A blink frog (Lair:6)
  A bullfrog (Lair:4)
  103 fungi
  171 plants
  7 toadstools (Lair:2)
286 creatures vanquished.

Grand Total: 1050 creatures vanquished

Notes
Turn   | Place    | Note
-------+----------+-------------------------------------------
     0 | D:1      | Doot the Octopode Earth Elementalist began the quest for
                  | the Orb.
     0 | D:1      | Reached XP level 1. HP: 11/11 MP: 3/3
   666 | D:2      | Reached XP level 2. HP: 6/17 MP: 3/5
  1268 | D:3      | Reached XP level 3. HP: 21/21 MP: 4/6
  1586 | D:4      | Noticed a scorpion
  1602 | D:4      | Reached XP level 4. HP: 27/27 MP: 5/8
  1605 | D:4      | Reached skill level 4 in Earth Magic
  1605 | D:4      | Reached XP level 5. HP: 31/31 MP: 3/9
  1610 | D:4      | Learned a level 2 spell: Passwall
  1614 | D:4      | Learned a level 3 spell: Stone Arrow
  1619 | D:4      | Learned a level 4 spell: Petrify
  1927 | D:4      | Found a sand-covered staircase.
  1932 | Ossuary  | Entered an ossuary
  2243 | Ossuary  | Reached XP level 6. HP: 35/37 MP: 4/11
  2525 | Ossuary  | Reached skill level 1 in Short Blades
  2525 | Ossuary  | Reached skill level 5 in Stealth
  2879 | Ossuary  | Reached XP level 7. HP: 37/42 MP: 8/12
  3012 | Ossuary  | Reached skill level 1 in Fighting
  4261 | D:5      | Entered Level 5 of the Dungeon
  4489 | D:5      | Reached skill level 5 in Earth Magic
  4592 | D:5      | Reached XP level 8. HP: 48/48 MP: 4/14
  4688 | D:5      | Found a broken altar of Ashenzari.
  4737 | D:5      | Reached skill level 1 in Conjurations
  5039 | D:5      | Noticed Pikel
  5049 | D:5      | Killed Pikel
  5050 | D:5      | Reached skill level 5 in Spellcasting
  5715 | D:6      | Reached XP level 9. HP: 53/53 MP: 5/17
  6369 | D:6      | Reached skill level 1 in Shields
  6369 | D:6      | Reached skill level 6 in Earth Magic
  7097 | D:6      | Found Jesoo's General Store.
  7100 | D:6      | Bought a scroll of teleportation for 42 gold pieces
  7100 | D:6      | Bought a scroll of teleportation for 42 gold pieces
  7226 | D:7      | Found an ancient bone altar of Kikubaaqudgha.
  7230 | D:7      | Found a sparkling altar of Nemelex Xobeh.
  7279 | D:7      | You fall into a shaft and drop 3 floors!
  7279 | D:10     | Entered Level 10 of the Dungeon
  7835 | D:9      | Noticed a two-headed ogre
  7862 | D:9      | Killed a two-headed ogre
  7863 | D:9      | Reached skill level 10 in Stealth
  8020 | D:8      | Identified the +1 plate armour of Narcissism {rC- rN+++
                  | Will- Str+7}
  8371 | D:7      | Reached XP level 10. HP: 60/60 MP: 6/19
  8494 | D:7      | Found a staircase to the Ecumenical Temple.
  8503 | Temple   | Entered the Ecumenical Temple
 10346 | Temple   | Became a worshipper of Gozag Ym Sagoz the Greedy
 10848 | D:7      | Reached skill level 1 in Evocations
 11238 | D:7      | Found an iron altar of Okawaru.
 11374 | D:7      | Reached skill level 7 in Earth Magic
 11811 | D:8      | Noticed a cyclops
 11828 | D:8      | Killed a cyclops
 12662 | D:8      | Noticed a deep elf pyromancer
 12675 | D:8      | Killed a deep elf pyromancer
 12728 | D:8      | Reached skill level 5 in Shields
 13578 | D:9      | Reached XP level 11. HP: 64/64 MP: 15/22
 15252 | D:11     | Reached skill level 8 in Earth Magic
 15459 | D:11     | Noticed a manticore
 15464 | D:11     | Killed a manticore
 15482 | D:11     | Noticed a two-headed ogre
 15491 | D:11     | Learned a level 5 spell: Lee's Rapid Deconstruction
 15500 | D:11     | Found a staircase to the Orcish Mines.
 15808 | D:11     | Found a portal to a secret trove of treasure.
 15809 | D:11     | Noticed a two-headed ogre
 15916 | D:11     | Found a staircase to the Lair.
 16225 | D:11     | Killed a two-headed ogre
 16291 | D:11     | Noticed a cyclops
 16342 | D:11     | Killed a two-headed ogre
 16343 | D:11     | Reached skill level 5 in Conjurations
 16429 | D:11     | Noticed a two-headed ogre
 16432 | D:11     | Killed a cyclops
 16440 | D:11     | Killed a two-headed ogre
 16534 | D:11     | Identified the +5 mace of the Gnat {spect, rN+ SInv}
 16781 | D:11     | Reached skill level 9 in Earth Magic
 16847 | D:11     | Noticed a six-headed hydra
 17047 | D:11     | Killed a six-headed hydra
 17048 | D:11     | Reached skill level 5 in Transmutations
 17048 | D:11     | Reached XP level 12. HP: 70/70 MP: 7/24
 17741 | Orc:1    | Entered Level 1 of the Orcish Mines
 17875 | Orc:2    | Entered Level 2 of the Orcish Mines
 18010 | Orc:2    | Noticed a two-headed ogre
 18120 | Orc:1    | Reached skill level 5 in Evocations
 18619 | Orc:2    | Noticed a two-headed ogre
 18626 | Orc:2    | Killed a two-headed ogre
 18703 | Orc:2    | Killed a two-headed ogre
 19839 | Orc:2    | Noticed an orc warlord
 19857 | Orc:2    | Killed an orc warlord
 19858 | Orc:2    | Reached skill level 10 in Earth Magic
 20516 | Orc:2    | Found a staircase to the Elven Halls.
 20793 | Orc:2    | Found Acov's Armour Boutique.
 20816 | Orc:2    | Found Paqan's Armour Shop.
 20839 | Orc:2    | Reached skill level 10 in Spellcasting
 21081 | Orc:2    | Noticed a two-headed ogre
 21081 | Orc:2    | Noticed an orc high priest
 21084 | Orc:2    | Reached XP level 13. HP: 76/76 MP: 22/27
 21195 | Orc:2    | Noticed Snorg
 21266 | Orc:2    | Killed Snorg
 21297 | Orc:2    | Noticed an orc warlord
 21321 | Orc:2    | Killed an orc warlord
 21626 | Orc:2    | Found Fefifize's Antique Weapon Shoppe.
 22018 | Orc:2    | Reached skill level 11 in Earth Magic
 22089 | Orc:2    | Found Pazahito's Antique Armour Shop.
 22456 | Elf:1    | Entered Level 1 of the Elven Halls
 22463 | Elf:1    | Found a runed translucent gate.
 22463 | Elf:1    | Found a runed translucent gate.
 22463 | Elf:1    | Found a viscous altar of Jiyva.
 22463 | Elf:1    | Found a runed translucent gate.
 22463 | Elf:1    | Noticed an azure jelly
 22463 | Elf:1    | Noticed Peloso's ghost (journeyman MiFi)
 22463 | Elf:1    | Noticed an azure jelly
 22463 | Elf:1    | Noticed a quicksilver ooze
 22464 | Elf:1    | Noticed an acid blob
 22464 | Elf:1    | Noticed a quicksilver ooze
 23904 | D:12     | Learned a level 5 spell: Irradiate
 24272 | D:13     | Found a gate leading to a gauntlet.
 24278 | Gauntlet | Entered a Gauntlet
 24278 | Gauntlet | Found a transporter.
 24292 | Gauntlet | Found a transporter.
 24303 | Gauntlet | Found a transporter.
 24306 | Gauntlet | Found a transporter.
 24312 | Gauntlet | Noticed a dire elephant
 24328 | Gauntlet | Found a transporter.
 24335 | Gauntlet | Found a transporter.
 24342 | Gauntlet | Found a runed translucent door.
 24346 | Gauntlet | Found a transporter.
 24356 | Gauntlet | Found a transporter.
 24371 | Gauntlet | Noticed an entropy weaver
 24375 | Gauntlet | Found a transporter.
 24389 | Gauntlet | Found a transporter.
 24389 | Gauntlet | Found a transporter.
 24437 | Gauntlet | Found a transporter.
 24451 | Gauntlet | Found a transporter.
 24464 | Gauntlet | Found a transporter.
 24470 | Gauntlet | Noticed a bunyip
 24470 | Gauntlet | a redback changed into a bunyip
 24476 | Gauntlet | Noticed a ghost moth
 24476 | Gauntlet | a bunyip changed into a ghost moth
 24685 | Lair:1   | Entered Level 1 of the Lair of Beasts
 25595 | Lair:1   | Reached XP level 14. HP: 81/81 MP: 11/29
 25598 | Lair:1   | Reached skill level 12 in Earth Magic
 26823 | D:13     | Got the Papyrus of the Escort and Transformation
 27730 | D:14     | Paralysed by an ogre mage for 2 turns
 27751 | D:14     | Reached skill level 10 in Shields
 28319 | D:14     | Found a gate to the Vaults.
 29078 | Lair:2   | Reached skill level 13 in Earth Magic
 30920 | Lair:2   | Noticed a dire elephant
 30920 | Lair:2   | Noticed a dire elephant
 30936 | Lair:2   | Found a runed translucent door.
 31218 | Lair:2   | Found a staircase to the Swamp.
 31317 | Lair:2   | Reached XP level 15. HP: 81/88 MP: 28/31
 31970 | Lair:3   | Found an ornate altar of the Wu Jian Council.
 33793 | Lair:4   | Found a hole to the Spider Nest.
 34415 | Lair:4   | Reached skill level 14 in Earth Magic
 36863 | Lair:6   | Entered Level 6 of the Lair of Beasts
 36863 | Lair:6   | Found a runed translucent door.
 37086 | Lair:6   | Reached XP level 16. HP: 93/93 MP: 20/34
 37484 | Lair:6   | Found a staircase to the Slime Pits.
 38286 | Lair:6   | Identified the +1 robe of Peek-a-Boo {Slay+3}
 38290 | Lair:6   | Got Sif Muna's Tome of Quantum Earth
 38297 | Lair:6   | Learned a level 5 spell: Borgnjor's Vile Clutch
 38304 | Lair:6   | Learned a level 6 spell: Iron Shot
 38332 | Lair:6   | Identified 2 scrolls of acquirement
 38503 | D:11     | You paid a toll of 2 scrolls of acquirement to enter a
                  | treasure trove
 38504 | Trove    | Entered a treasure trove
 38514 | Trove    | Identified the ring "Yciryeg" {Fly rF+ rC++ Str-3 Dex-3}
 38516 | Trove    | Identified the ring of Zeucliang {Fire Drain rElec rN++
                  | Str+5}
 38788 | Lair:6   | Noticed Ornithology's ghost (journeyman TeAE)
 38798 | Lair:6   | Acquired a book of Power
 39777 | Elf:1    | Found a shimmering altar of Xom.
 40134 | Elf:1    | Got the Guide on the Enthralling Frostbite
 40188 | Elf:1    | Found the -2 hat of the Alchemist {rElec rPois rF+ rC+ rN+
                  | Will+ rMut rCorr}
 40193 | Elf:1    | Identified the +7 long sword of the Hungering Badger
                  | {flame, rF+ Int-5 Dex+6}
 40204 | Elf:1    | Reached skill level 15 in Earth Magic
 40230 | Elf:1    | Cast into level 2 of the Abyss (a deep elf sorcerer)
 40251 | Abyss:2  | Noticed a bone dragon
 40574 | Abyss:3  | Noticed a tentacled starspawn
 40601 | Abyss:3  | Killed a tentacled starspawn
 40606 | Abyss:3  | Paralysed by accursed screaming for 1 turns
 40609 | Abyss:3  | Paralysed by accursed screaming for 2 turns
 40610 | Abyss:3  | HP: 2/93 [starcursed mass/accursed screaming (13)]
 40614 | Abyss:3  | Killed from afar by a starcursed mass

Illustrated notes

Levels and vault maps discovered:
D:1:      dpeg_arrival_fog, layout_basic, ebering_ecumenical_altar_box,
          chequers_hall_statues_y
D:2:      layout_loops_ring
D:3:      layout_rooms, grunt_ministairs_8
D:4:      layout_cave_pools, enter_ossuary_2, guppyfry_early_lair_pool
D:5:      layout_gridville, cheibrodos_ashenzari_chains, uniq_pikel
D:6:      layout_cave_pods, serial_shops, nicolae_shop_window_shopping
D:7:      layout_loops_corners, nicolae_overflow_crystal_walls,
          chequers_temple_overflow_statue_of_worship,
          minmay_temple_entry_poolview
D:8:      layout_basic, minmay_chambers_of_fives
D:9:      layout_gridville, kennysheep_pointless_box, small_statue_intersection,
          minmay_misc_feat_x
D:10:     layout_basic
D:11:     minmay_statue_hallways, layout_rooms, due_lair_maze_entry_diamond,
          serial_corexii_hall, corexii_hall_statues_i, corexii_hall_statues_i,
          corexii_hall_statues_l, chequers_hall_statues_wall_a,
          portal_ice_cave_demonic_guard, enter_trove_0, eino_tiny_chamber
D:12:     layout_roguey, minmay_holes, dk_vineyard_1, hangedman_decor_points,
          kennysheep_generic_room_13
D:13:     layout_cave_pods, gauntlet_entry_generic
D:14:     minmay_curly_fans, layout_stronghold,
          lightli_vaults_fourway_checkpoint, serial_shops,
          nicolae_take_the_stairs
Temple:   dpeg_five_rooms_temple
Lair:1:   layout_cave_pods, nicolae_lair_grove_arrangements
Lair:2:   gammafunk_lair_enchanted_lake, layout_cave_shapes,
          nicolae_swamp_entry_splash_gauntlet, chequers_serial_rivers_room_a,
          serial_bayou_shore_b, infiniplex_staircase_pool
Lair:3:   layout_layer_cave, serial_bayou, serial_bayou_shore_b,
          serial_bayou_pond_a, serial_bayou_crossing, serial_bayou_pond_c,
          basic_altar, worms_lemuel, grunt_megastairs_2
Lair:4:   nzn_winding_woodlands_large [nzn_winding_woodlands_5x5_open_star,
          nzn_winding_woodlands_5x15_eye, nzn_winding_woodlands_hourglass,
          nzn_winding_woodlands_center_pierced_h,
          nzn_winding_woodlands_15x15_thick_spiral,
          nzn_winding_woodlands_center_diamonds,
          nzn_winding_woodlands_5x5_perimeter,
          nzn_winding_woodlands_5x15_crooked, nzn_winding_woodlands_5x5_cross],
          layout_hall_layers, hellmonk_spider_entry_not_the_bees,
          lemuel_old_faithful
Lair:5:   layout_cave_shapes, nicolae_quartered_pool_medium,
          minmay_stone_trees_small, grunt_forest_large_clearings,
          serial_bayou_shore_b
Lair:6:   minmay_lair_end_frog_pond, layout_regular_city,
          nicolae_slime_entry_slimehenge, ebering_ghost_reflecting_pool
Orc:1:    nicolae_orc_accident_2, layout_diamond_mine, minmay_orc_temple_b
Orc:2:    pubby_orc_utopia, uniq_snorg
Elf:1:    minmay_the_grid_net [minmay_the_grid_medium_cups,
          minmay_the_grid_square_x, minmay_the_grid_dragon_b,
          minmay_the_grid_spikes, minmay_the_grid_tri_star,
          minmay_the_grid_prize_shrinking_boxes], layout_geoelf_grid,
          basic_altar, serial_shops, shop, gammafunk_ghost_ooze,
          evilmike_minifort
Abyss:3:  base:
Swamp:4

Skill      XL: |  1  2  3  4  5  6  7  8  9 10 11 12 13 14 15 16 |
---------------+-------------------------------------------------+-----
Stealth        | 4 5 7 8 10 11 12 13 14 | 14.4
Spellcasting   | 3 4 5 6 7 8 10 11 12 14 | 14.5
Earth Magic    | 4 5 6 7 9 10 11 13 14 15 | 15.0
Short Blades   | 1 2 3 4 |  4.1
Fighting       | 1 2 3 |  3.1
Transmutations | 2 3 4 5 6 |  6.5
Conjurations   | 1 2 4 5 6 |  6.2
Shields        | 3 5 7 8 9 10 11 12 | 12.1
Evocations     | 3 4 6 |  6.0
Dodging        | 3 4 |  4.2
Polearms       | |  0.1
Staves         | |  0.2
Necromancy     | |  0.1

Action                   |  1- 3 |  4- 6 |  7- 9 | 10-12 | 13-15 | 16-18 || total
-------------------------+-------+-------+-------+-------+-------+-------++-------
Melee: Spear             |     7 |       |       |       |       |       ||     7
       Short sword       |    13 |    29 |    55 |       |       |       ||    97
       Unarmed           |     2 |       |       |       |       |       ||     2
       Punch             |     1 |     1 |     1 |     1 |     3 |     1 ||     8
       Constrict         |     1 |     4 |    14 |    10 |    18 |     3 ||    50
       Tentacles         |     1 |     8 |    11 |    14 |    37 |     4 ||    75
       Dagger            |       |       |       |    40 |   131 |    13 ||   184
       Staff             |       |       |       |    15 |     4 |     3 ||    22
 Cast: Sandblast         |    17 |    25 |    10 |    35 |    28 |     3 ||   118
       Petrify           |       |     5 |    31 |    31 |   143 |    17 ||   227
       Stone Arrow       |       |     1 |    76 |   246 |   140 |    44 ||   507
       Lee's Rapid Decon |       |       |       |    77 |   278 |    68 ||   423
       Passwall          |       |       |       |     2 |     7 |     1 ||    10
       Irradiate         |       |       |       |       |     2 |     1 ||     3
       Iron Shot         |       |       |       |       |       |    23 ||    23
       Borgnjor's Vile C |       |       |       |       |       |     1 ||     1
  Use: Potion            |       |     1 |       |     2 |     1 |     3 ||     7
       Scroll            |       |       |     1 |     5 |    11 |     5 ||    22
 Stab: Sleeping          |     4 |     1 |     8 |     6 |     2 |       ||    21
       Petrified         |       |    21 |    38 |    35 |    96 |    10 ||   200
       Petrifying        |       |     1 |       |       |    11 |     1 ||    13
       Distracted        |       |       |     1 |     1 |       |       ||     2
Armor: Skin              |     1 |     2 |     2 |     2 |     3 |     4 ||    14
Dodge: Dodged            |    14 |    13 |    20 |   107 |    84 |    28 ||   266
Block: Buckler           |       |     3 |       |       |       |       ||     3
